 Dungeon Crawl Stone Soup version 0.22-a0-803-gd6d8abe (webtiles) character file.

1090 Gildeon the Charmwright (level 8, -11/63 HPs)
             Began as a Gnoll Skald on July 22, 2018.
             Was an Initiate of Makhleb.
             Mangled by an orc warrior
             ... wielding a +0 trident
              (18 damage)
             ... on level 6 of the Dungeon.
             The game lasted 00:17:23 (5162 turns).

Gildeon the Charmwright (Gnoll Skald)               Turns: 5162, Time: 00:17:23

Health: -11/63     AC:  5    Str: 15    XL:     8   Next: 31%
Magic:  16/16      EV: 15    Int: 15    God:    Makhleb [......]
Gold:   330        SH:  0    Dex: 16    Spells: 7/18 levels left

rFire    . . .     SeeInvis .   g - +1 whip (flame)
rCold    . . .     Gourm    .   (no shield)
rNeg     . . .     Faith    .   b - +1 leather armour
rPois    .         Spirit   .   (no helmet)
rElec    .         Reflect  +   (no cloak)
rCorr    .         Harm     .   (no gloves)
MR       .....                  p - +0 pair of boots
Stlth    +.........             m - +2 amulet of reflection
HPRegen  0.20/turn              (no ring)
MPRegen  0.15/turn              (no ring)

@: confused, infused
A: distributed training, fangs 1, strong nose
a: Renounce Religion


You were on level 6 of the Dungeon.
You worshipped Makhleb.
Makhleb was noncommittal.
You were not hungry.

You visited 2 branches of the dungeon, and saw 7 of its levels.

You collected 330 gold pieces.

Inventory:

Hand Weapons
 g - a +1 whip of flaming (weapon)
Missiles
 q - 2 throwing nets (quivered)
Armour
 b - a +1 leather armour (worn)
 p - a +0 pair of boots (worn)
Jewellery
 m - a +2 amulet of reflection (around neck)
Wands
 h - a wand of digging (16)
Scrolls
 e - a scroll of identify
 i - a scroll of remove curse
 o - a scroll of fog
Potions
 a - 2 potions of haste
 c - 2 potions of brilliance
 f - 2 potions of curing
 j - 3 potions of agility
 k - a potion of heal wounds
Comestibles
 d - 5 rations
 n - 8 chunks of flesh


   Skills:
 + Level 5.6 Fighting
 + Level 3.1 Short Blades
 + Level 3.1 Long Blades
 + Level 3.1 Axes
 + Level 5.6 Maces & Flails
 + Level 3.1 Polearms
 + Level 3.1 Staves
 + Level 3.1 Slings
 + Level 3.1 Bows
 + Level 3.1 Crossbows
 + Level 3.1 Throwing
 + Level 4.1 Armour
 + Level 5.6 Dodging
 + Level 3.1 Stealth
 + Level 3.1 Shields
 + Level 3.1 Unarmed Combat
 + Level 5.9 Spellcasting
 + Level 2.5 Conjurations
 + Level 2.5 Hexes
 + Level 6.0 Charms
 + Level 2.5 Summonings
 + Level 2.5 Necromancy
 + Level 2.5 Translocations
 + Level 2.5 Transmutations
 + Level 2.5 Fire Magic
 + Level 2.5 Ice Magic
 + Level 2.5 Air Magic
 + Level 2.5 Earth Magic
 + Level 2.5 Poison Magic
 + Level 3.4 Invocations
 + Level 3.1 Evocations


You had 7 spell levels left.
You knew the following spells:

 Your Spells              Type           Power        Failure   Level  Hunger
a - Infusion              Chrm           ###.         1%          1    None
b - Song of Slaying       Chrm           ###.....     2%          2    #......
c - Shroud of Golubria    Chrm/Tloc      ###.......   4%          2    #......
d - Regeneration          Chrm/Necr      ###.......   10%         3    ###....
e - Spectral Weapon       Hex/Chrm       ###.....     10%         3    ###....

Your spell library contained the following spells:

 Spells                   Type           Power        Failure   Level  Hunger


Dungeon Overview and Level Annotations

Branches:
Dungeon (6/15)             Temple (1/1) D:4

Altars:
Ashenzari
Cheibriados
Dithmenos
Elyvilon
Fedhas
Gozag
Hepliaklqana
Kikubaaqudgha
Makhleb
Nemelex Xobeh
Okawaru
Qazlal
Ru
Sif Muna
Trog
Uskayaw
Vehumet
Wu Jian
Xom
Yredelemnul
Zin
The Shining One


Innate Abilities, Weirdness & Mutations

Your experience applies equally to all skills.
You have very sharp teeth.
Your uncanny sense of smell can sniff out nearby items.


Message History

The orc warrior hits you from afar with a trident!
You miss something. Something hits you but does no damage.
The orc warrior barely misses you.
You barely miss something. You block something's attack.
The orc warrior misses you.
You barely miss something. You punch something.
You hear some strange, mumbled words.
You are confused.
You hit something. You burn something.
The orc warrior hits you from afar with a trident!!
* * * LOW HITPOINT WARNING * * *
You bump into the rock wall.
Something hits you.
* * * LOW HITPOINT WARNING * * *
The orc warrior hits you from afar with a trident.
* * * LOW HITPOINT WARNING * * *
You bump into the rock wall.
You hear some strange, mumbled words.
Something tries to affect you, but you resist.
The orc warrior hits you from afar with a trident!!
You die...

##### ### #.#.# #########.#
#####.#.##############.........#
....)<.................#####...#
#####.########################.#
.........[...oo.@......!.......#
.........#######################
........... ..Y.........#
....#.###...# ###.#.# ...# ∆ .
o.#.# ### ∆


You could see an orc warrior and an orc.

Vanquished Creatures
  Pikel (D:4)
  A hungry ghost (D:5)
  2 slaves (D:4)
  2 ogres
  A jelly (D:5)
  2 hounds
  2 iguanas
  2 worker ants (D:5)
  9 adders
  An adder skeleton (D:4)
  A worm (D:3)
  3 dart slugs (D:1)
  7 leopard geckos
  7 orcs
  4 giant cockroaches
  5 hobgoblins
  6 jackals
  A quokka (D:3)
  A ball python (D:2)
  9 bats
  3 frilled lizards
  7 goblins
  7 kobolds
  A leopard gecko skeleton (D:5)
  6 rats
91 creatures vanquished.

Vanquished Creatures (others)
  A slave (D:6)
  2 orcs (D:6)
3 creatures vanquished.

Grand Total: 94 creatures vanquished

Notes
Turn   | Place    | Note
-------+----------+-------------------------------------------
     0 | D:1      | Gildeon the Gnoll Skald began the quest for the Orb.
     0 | D:1      | Reached XP level 1. HP: 20/20 MP: 6/6
   128 | D:1      | Reached XP level 2. HP: 3/26 MP: 1/7
   134 | D:1      | HP: 1/26 [leopard gecko (3)]
   152 | D:1      | Learned a level 2 spell: Song of Slaying
   155 | D:1      | Learned a level 2 spell: Shroud of Golubria
   684 | D:1      | Reached XP level 3. HP: 28/31 MP: 7/9
   843 | D:1      | Reached skill level 5 in Spellcasting
   889 | D:1      | Learned a level 3 spell: Regeneration
   893 | D:1      | Learned a level 3 spell: Spectral Weapon
  1349 | D:2      | Reached skill level 1 in Invocations
  1401 | D:2      | Reached skill level 1 in Short Blades
  1401 | D:2      | Reached skill level 1 in Long Blades
  1401 | D:2      | Reached skill level 1 in Axes
  1401 | D:2      | Reached skill level 1 in Polearms
  1401 | D:2      | Reached skill level 1 in Staves
  1401 | D:2      | Reached skill level 1 in Slings
  1401 | D:2      | Reached skill level 1 in Bows
  1401 | D:2      | Reached skill level 1 in Crossbows
  1401 | D:2      | Reached skill level 1 in Throwing
  1401 | D:2      | Reached skill level 1 in Stealth
  1401 | D:2      | Reached skill level 1 in Shields
  1401 | D:2      | Reached skill level 1 in Unarmed Combat
  1401 | D:2      | Reached skill level 1 in Evocations
  1442 | D:2      | Reached XP level 4. HP: 32/38 MP: 7/11
  1782 | D:2      | Found a snail-covered altar of Cheibriados.
  2164 | D:3      | Reached skill level 1 in Conjurations
  2164 | D:3      | Reached skill level 1 in Hexes
  2164 | D:3      | Reached skill level 1 in Summonings
  2164 | D:3      | Reached skill level 1 in Necromancy
  2164 | D:3      | Reached skill level 1 in Translocations
  2164 | D:3      | Reached skill level 1 in Transmutations
  2164 | D:3      | Reached skill level 1 in Fire Magic
  2164 | D:3      | Reached skill level 1 in Ice Magic
  2164 | D:3      | Reached skill level 1 in Air Magic
  2164 | D:3      | Reached skill level 1 in Earth Magic
  2164 | D:3      | Reached skill level 1 in Poison Magic
  2296 | D:3      | Reached XP level 5. HP: 43/43 MP: 9/12
  3309 | D:4      | Noticed an ogre
  3319 | D:4      | Noticed a slave
  3342 | D:4      | Killed a slave
  3669 | D:4      | Found a staircase to the Ecumenical Temple.
  3683 | Temple   | Entered the Ecumenical Temple
  3787 | Temple   | Became a worshipper of Makhleb the Destroyer
  3930 | D:4      | Noticed a slave
  3944 | D:4      | Killed a slave
  4011 | D:4      | Noticed Pikel
  4012 | D:4      | Noticed a slave
  4028 | D:4      | Killed Pikel
  4028 | D:4      | Reached skill level 5 in Fighting
  4028 | D:4      | Reached skill level 5 in Maces & Flails
  4028 | D:4      | Reached skill level 5 in Dodging
  4028 | D:4      | Reached XP level 6. HP: 29/51 MP: 5/14
  4028 | D:4      | Reached XP level 7. HP: 32/56 MP: 5/15
  4049 | D:5      | Entered Level 5 of the Dungeon
  4705 | D:5      | Reached XP level 8. HP: 62/63 MP: 12/16
  4723 | D:5      | Reached skill level 6 in Charms
  5162 | D:6      | Mangled by an orc warrior

Vault maps used:
D:1:      dpeg_arrival_houses_and_road
D:2:      lemuel_coloured_pillars_altar, first_ration
D:4:      minmay_temple_entry_glassed_door, eino_small_chamber_without_monster,
          uniq_pikel
D:6:      cheibrodos_fzero, enter_ossuary_4, uniq_edmund, uniq_sigmund,
          uniq_grinder
Temple:   kilobyte_greek_temple

Skill      XL: |  1  2  3  4  5  6  7  8 |
---------------+-------------------------+-----
Spellcasting   | 5 |  5.9
Invocations    | 1 2 3 |  3.4
Short Blades   | 1 2 3 |  3.1
Long Blades    | 1 2 3 |  3.1
Axes           | 1 2 3 |  3.1
Polearms       | 1 2 3 |  3.1
Staves         | 1 2 3 |  3.1
Slings         | 1 2 3 |  3.1
Bows           | 1 2 3 |  3.1
Crossbows      | 1 2 3 |  3.1
Throwing       | 1 2 3 |  3.1
Stealth        | 1 2 3 |  3.1
Shields        | 1 2 3 |  3.1
Unarmed Combat | 1 2 3 |  3.1
Evocations     | 1 2 3 |  3.1
Conjurations   | 1 2 |  2.5
Hexes          | 1 2 |  2.5
Summonings     | 1 2 |  2.5
Necromancy     | 1 2 |  2.5
Translocations | 1 2 |  2.5
Transmutations | 1 2 |  2.5
Fire Magic     | 1 2 |  2.5
Ice Magic      | 1 2 |  2.5
Air Magic      | 1 2 |  2.5
Earth Magic    | 1 2 |  2.5
Poison Magic   | 1 2 |  2.5
Armour         | 3 4 |  4.1
Fighting       | 5 |  5.6
Maces & Flails | 5 |  5.6
Dodging        | 5 |  5.6
Charms         | 6 |  6.0

Action                   |  1- 3 |  4- 6 |  7- 9 || total
-------------------------+-------+-------+-------++-------
Melee: Mace              |    79 |    77 |       ||   156
       Bite              |     4 |    15 |     5 ||    24
       Flail             |       |    42 |       ||    42
       Whip              |       |       |    63 ||    63
       Punch             |       |       |     3 ||     3
 Cast: Infusion          |    15 |    20 |    13 ||    48
       Shroud of Golubri |       |     2 |     1 ||     3
  Use: Scroll            |     2 |     7 |     7 ||    16
 Stab: Sleeping          |       |       |     1 ||     1
  Eat: Chunk             |     2 |     7 |       ||     9
       Ration            |       |     1 |     1 ||     2
Armor: Leather armour    |    25 |    20 |     8 ||    53
Dodge: Dodged            |    87 |    76 |    29 ||   192
Block: Other             |       |       |     4 ||     4

Table legend:
 A = Spawn XP
 B = Non-spawn XP
 C = Spawn XP percentage of total XP
 D = Spawn monster count
 E = Non-spawn monster count
 F = Spawn count percentage of total count
 G = Total turns spent on level
                    A         B        C        D         E        F      G
               +---------+---------+-------+---------+---------+-------+---------
         Total |       0 |    1558 |   0.0 |       0 |      89 |   0.0 |  5162
               +---------+---------+-------+---------+---------+-------+---------
           D:1 |       0 |      40 |   0.0 |       0 |      21 |   0.0 |  1127
           D:2 |       0 |      86 |   0.0 |       0 |      23 |   0.0 |   861
           D:3 |       0 |      66 |   0.0 |       0 |      16 |   0.0 |   967
           D:4 |       0 |     844 |   0.0 |       0 |      15 |   0.0 |  1031
           D:5 |       0 |     516 |   0.0 |       0 |      12 |   0.0 |   912
           D:6 |       0 |       6 |   0.0 |       0 |       2 |   0.0 |   117
               +---------+---------+-------+---------+---------+-------+---------
